Map: 赛博森林-天梯版

Players

eGGz

  • Race: Zerg Zerg
  • League: Master

Stephano - Winner!

  • Race: Zerg Zerg

Event: WESG 2018 Grand Finals

VOD

Have the link to the VOD?

Description

Time

  • Played on: March 12, 2019, 6:10 a.m.
  • Length: 3:28

All games in this series

Show
View Real Time Build Order
Export as new Build Order

eGGz Zerg 

Build Orders: Hatch First 

Get SALT Encoding   

  12  0:02  Drone  
  13  0:15  Overlord  
  13  0:17  Drone  
  14  0:35  Drone x2  
  16  0:37  Drone  
  17  0:48  Drone, Extractor  
  17  0:59  Hatchery  
  17  1:01  Drone  
  17  1:12  Drone  
  17  1:17  Evolution Chamber  
  17  1:25  Spawning Pool  
  17  1:29  Drone  
  17  1:33  Drone  
  18  2:13  Zergling x6  
  18  2:50  Drone  
  19  2:54  Drone  
  19  2:58  Drone  
  21  3:01  Drone  
  22  3:09  Drone  
Show
View Real Time Build Order
Export as new Build Order

Stephano Zerg - Winner!

Build Orders: Pool First 

Get SALT Encoding   

  12  0:17  Spawning Pool  
  11  0:22  Drone  
  11  0:26  Drone  
  13  0:31  Drone  
  14  0:41  Overlord  
  14  0:55  Extractor  
  13  1:04  Zergling x4  
  13  1:05  Zergling x2  
  16  1:16  Zergling x2  
  17  1:26  Hatchery  
  17  1:28  Zergling x2  
  17  1:38  Zergling x2  
  18  1:48  Queen  
  20  2:00  Metabolic Boost  
  19  2:17  Zergling x6  
  22  2:29  Overlord  
  18  2:45  Zergling x4  
  18  2:50  Zergling x2  
  18  2:51  Zergling x2  
  21  3:02  Zergling x2  
  21  3:03  Zergling x8  
Tags
 
Add a new tag
Caveats
  • Supply blocks, unpowered buildings, or Contaminate may cause inaccurate times.
  • Supply counts are checked every 10 seconds.